 Dungeon Crawl Stone Soup version 0.18-a0-1577-gf591c28 (webtiles) character file.

98 Ratboiler the Slasher (level 4, 0/29 HPs)
             Began as an Octopode Wanderer on Mar 19, 2016.
             Slain by a bat (1 damage)
             ... on level 3 of the Dungeon.
             The game lasted 00:04:39 (2201 turns).

Ratboiler the Slasher (Octopode Wanderer)           Turns: 2201, Time: 00:04:39

Health: 0/29       AC:  1    Str: 13    XL:     4   Next: 71%
Magic:  5/5        EV: 11    Int: 10    God:
Gold:   130        SH:  0    Dex: 14    Spells: 2 memorised, 2 levels left

rFire  . . .     SeeInvis .     b - +0 falchion
rCold  . . .     Gourm    .     (no shield)
rNeg   . . .     Faith    .     (helmet restricted)
rPois  .         Spirit   .     (no amulet)
rElec  .         Dismiss  .     (no ring)
rCorr  .         Reflect  .     (no ring)
SustAt .         Harm     .     (no ring)
MR     .....                    (no ring)
Stlth  ++........               (no ring)
                                (no ring)
                                (no ring)
                                (no ring)

@: not resistant to hostile enchantments, unstealthy
A: almost no armour, amphibious, 8 rings, constrict 8, camouflage 1, gelatinous
body 1
a: no special abilities


You were on level 3 of the Dungeon.
You were not hungry.

You visited 1 branch of the dungeon, and saw 4 of its levels.

You collected 130 gold pieces.

Inventory:

Hand Weapons
 b - a +0 falchion (weapon)
Armour
 t - a +0 buckler
Scrolls
 c - a scroll of teleportation
 e - a scroll of amnesia {unknown}
 f - a scroll of blinking {unknown}
 g - a scroll of identify {unknown}
 i - a scroll of remove curse {unknown}
 o - 2 scrolls of enchant weapon {unknown}
 q - a scroll of fear {unknown}
Potions
 h - 3 potions of brilliance {unknown}
 j - a potion of lignification {unknown}
 k - a potion of berserk rage {unknown}
 l - a potion of resistance {unknown}
 m - a potion of cancellation {unknown}
 r - 2 potions of heal wounds {unknown}
 s - a potion of magic {unknown}
Books
 a - a book of Minor Magic

   Spells                             Type                      Level
   a - Magic Dart                     Conjuration                  1
   b - Blink                          Translocation                2
   c - Call Imp                       Summoning                    2
   d - Repel Missiles                 Charms/Air                   2
   e - Slow                           Hexes                        2
   f - Conjure Flame                  Conjuration/Fire             3
   g - Mephitic Cloud                 Conjuration/Poison/Air       3
Comestibles
 d - 2 bread rations
 n - 2 meat rations
 p - a royal jelly


   Skills:
 - Level 2.0 Fighting
 + Level 4.1 Long Blades
 - Level 2.0 Throwing
 - Level 3.0 Unarmed Combat
 - Level 1.0 Spellcasting
 - Level 2.0 Summonings


You had 2 spell levels left.
You knew the following spells:

 Your Spells              Type           Power        Failure   Level  Hunger
a - Magic Dart            Conj           #...         38%         1    ##.....
b - Call Imp              Summ           #.......     24%         2    ###....


Dungeon Overview and Level Annotations

Branches:
Dungeon (4/15)             Temple (0/1) D:4

Altars:
Dithmenos

Annotations:
D:3 Sigmund; namelastname112's ghost, amateur DrGl
D:4 kak's ghost, amateur OpEE


Innate Abilities, Weirdness & Mutations

You cannot wear most types of armour.
You are amphibious.
You can wear up to eight rings at the same time.
You can use your tentacles to constrict eight enemies at once.
Your skin changes colour to match your surroundings (Stealth).
Your rubbery body absorbs attacks (AC +1).


Message History

The bat barely misses you.
Found a buckler and 26 bolts.
The bat hits you. The bat closely misses you. The bat barely misses you.
The bat hits you but does no damage.
You see here a buckler.
t - a buckler The bat barely misses you.
The bat hits you but does no damage.
Namelastname112's ghost turns its malevolent gaze towards you.
The bat hits you. Namelastname112's ghost hits you!
* * * LOW HITPOINT WARNING * * *
You see here 26 bolts.
Namelastname112's ghost holds its blade at the ready.
The bat barely misses you. The bat hits you.
* * * LOW HITPOINT WARNING * * *
The bat hits you.
You die...

##.......#.###..###<#.####..#
#........).....## #...# ##.#
#...........#### ##..# #.#
#.......w.#..# #..### #..
#.........##.# #....#####
#.........##.# #.##.....>
#.......>###.# #.###....W
#.......## #.# #.##......
#..####### #@#### ##.#.......
#. #.b.o###....##..>. #.
####.(#....# ##### # ##W....#
###...#.# ###....##.#
..........# ...#####.###
##### .. ####.######....


You could see namelastname112's ghost, an orc and a bat.

Vanquished Creatures
  An orc wizard (D:3)
  An adder (D:1)
  A worm (D:2)
  A dart slug (D:2)
  A giant gecko (D:4)
  4 orcs
  8 bats
  3 giant cockroaches
  5 goblins
  6 hobgoblins
  6 jackals
  3 kobolds
  A quokka (D:2)
  3 giant newts
  3 rats
47 creatures vanquished.

Notes
Turn   | Place    | Note
--------------------------------------------------------------
     0 | D:1      | Ratboiler the Octopode Wanderer began the quest for the Orb.
     0 | D:1      | Ratboiler set off with: a book of Minor Magic, a +0 falchion, a potion of curing, a bread ration
     0 | D:1      | Reached XP level 1. HP: 14/14 MP: 2/2
     2 | D:1      | Learned a level 1 spell: Magic Dart
    93 | D:1      | Reached skill level 1 in Long Blades
   138 | D:1      | Reached XP level 2. HP: 17/19 MP: 3/3
   153 | D:1      | Learned a level 2 spell: Call Imp
   353 | D:1      | Reached skill level 2 in Long Blades
   698 | D:2      | Reached XP level 3. HP: 18/24 MP: 4/4
   874 | D:3      | Reached skill level 3 in Long Blades
   874 | D:3      | Reached XP level 4. HP: 29/29 MP: 5/5
  1465 | D:2      | Reached skill level 4 in Long Blades
  1716 | D:3      | Noticed namelastname112's ghost (amateur DrGl)
  1836 | D:4      | Noticed an ogre
  2084 | D:4      | Found a staircase to the Ecumenical Temple.
  2086 | D:4      | Noticed kak's ghost (amateur OpEE)
  2132 | D:3      | Found a shadowy altar of Dithmenos.
  2168 | D:3      | Noticed Sigmund
  2201 | D:3      | HP: 1/29 [bat (1)]
  2201 | D:3      | Slain by a bat

Vault maps used:
D:1:      minmay_arrival_four_loops
D:3:      minitemple, uniq_sigmund
D:4:      nicolae_overflow_hidden_temple, temple_pool_b, first_bread,
          st_stairs_14, uniq_pikel

Skill      XL: |  1  2  3  4 |
---------------+-------------+-----
Long Blades    | 1 2 3 4 |  4.1
Fighting       | |  2.0
Throwing       | |  2.0
Unarmed Combat | |  3.0
Spellcasting   | |  1.0
Summonings     | |  2.0

Action                   |  1- 3 |  4- 6 || total
-------------------------+-------+-------++-------
Melee: Falchion          |    43 |    49 ||    92
  Use: Potion            |       |     2 ||     2
       Scroll            |       |     1 ||     1
 Stab: Sleeping          |     3 |     3 ||     6
  Eat: Beef jerky        |       |     2 ||     2
       Chunk             |       |     1 ||     1
